 Dungeon Crawl Stone Soup version 0.31-a0-1074-g0b22e4e0f1 (webtiles) character file.

Game seed: 11402984404761521408

8 avis the Changeling (level 2, 13/13 HPs)
             Began as a Felid Shapeshifter on Nov 27, 2023.
             Got out of the dungeon alive.
             The game lasted 00:01:49 (176 turns).

avis the Changeling (Felid Shapeshifter)             Turns: 176, Time: 00:01:50

Health: 13/13      AC:  1    Str: 10    XL:     2   Next: 0%
Magic:  3/3        EV: 17    Int: 11    God:
Gold:   11         SH:  0    Dex: 15    Spells: 1/1 levels left
                                        Lives:  0   Deaths: 1

rFire   . .          .
                       - Unarmed
rCold   . . .        (shield unavailable)
rNeg    . . .        (body armour unavailable)
rPois   .            (helmet unavailable)
rElec   .            (cloak unavailable)
rCorr   .            (gloves unavailable)
SInv    +            (boots unavailable)
Will    .....        (no amulet)
Stlth   +            (no ring)
HPRegen 0.22/turn    (no ring)
MPRegen 0.08/turn

%: no passive effects
@: beast-form, quick
A: beast (slay +2), very small, claws 1, fangs 3, see invisible, speed 1, shaggy
fur 1, stealthy paws, no weapons or thrown items, no armour, multi-lived
a: Begin Untransformation


You escaped.
You were a hulking beast.
You visited 1 branch of the dungeon, and saw 1 of its levels.

You collected 11 gold pieces.

Inventory:

Talismans
 b - a beast talisman
 c - a flux talisman
Potions
 a - a potion of lignification
 d - a potion of curing {unknown}
 e - a potion of might {unknown}


   Skills:
 * Level 1.7 Fighting
 - Level 2.6 Dodging
 - Level 3.0 Unarmed Combat
 - Level 3.5 Shapeshifting


You had one spell level left.
You didn't know any spells.
Your spell library was empty.

Dungeon Overview and Level Annotations

Branches:
Dungeon (1/15)

Altars:


Innate Abilities, Weirdness & Mutations

You are a hulking beast.
Your limbs bulge with bestial killing power. (Slay +2)
You have sharp claws.
You have razor-sharp teeth.
You have supernaturally acute eyesight. (SInv)
You cover ground quickly. (Speed+)
You are covered in fur. (AC +1)
Your paws help you pounce on unaware monsters.
You are incapable of wielding weapons or throwing items.
You cannot wear armour.
You gain extra lives every three experience levels.


Message History

The ball python hisses angrily.
The ball python misses you. x2
You scratch the ball python.
You kill the ball python!
You see here a ball python corpse.
Found a bubbling ruby potion.
Found a stone staircase leading down.
e - a bubbling ruby potion You open the door.
A goblin comes into view.
Found a grey potion.
A goblin comes into view.
The goblin shouts!
The goblin throws a stone.
The stone misses you.
There is an open door here.
The goblin shouts!
The hobgoblin barely misses you.
You completely miss the hobgoblin. You bite the hobgoblin.
The hobgoblin is severely wounded.
The hobgoblin barely misses you.
You barely miss the hobgoblin. Your bite misses the hobgoblin.
The hobgoblin is severely wounded.
The hobgoblin completely misses you.
You closely miss the hobgoblin.
The hobgoblin is severely wounded.
The hobgoblin misses you.
You barely miss the hobgoblin.
The hobgoblin is severely wounded.
The hobgoblin misses you.
You completely miss the hobgoblin.
The hobgoblin is severely wounded.
The hobgoblin closely misses you.
You scratch the hobgoblin.
You kill the hobgoblin!
You have reached level 2!
Found a whip.
Things that are here:
7 stones; a hobgoblin corpse
There is an open door here.
There is a staircase leading out of the dungeon here.
You have escaped!

.#####..#### ≈§§§≈≈≈ ####..##..#
..###.### ..(.. ###.##.## ####.##
.... ##.##.. ####.# ##(## #.####
..##.##### ####8†8#### ######.# #
#.#.##...###.........###..≈##.###
#.#.#....##...........##..§§#.#.#
#.#(#....#............+#..§§#.#.#
#.#.'...........h.....8+..g≈'...#
#.#.#....#............##..!≈#.#..
#.#.#....##...........##.g≈≈#.#.#
#.#.##...###.........###..≈##.#.#
..##.##### ###8+8#8### #### .##.#
#.# . ###+### . #.# # ) #. #.# .
.# #.# ... #>


There were no monsters in sight!

Vanquished Creatures
  4 hobgoblins (D:1)
  A ball python (D:1)
  A bat (D:1)
  A kobold (D:1)
  A rat (D:1)
8 creatures vanquished.

Notes
Turn   | Place    | Note
-------+----------+-------------------------------------------
     0 | D:1      | avis the Felid Shapeshifter began the quest for the Orb.
     0 | D:1      | Reached XP level 1. HP: 9/9 MP: 2/2
     8 | D:1      | Slain by a hobgoblin
   161 | D:1      | Reached XP level 2. HP: 13/13 MP: 3/3
   176 | D:$      | Got out of the dungeon alive.

Illustrated notes

Levels and vault maps discovered:
D:1:      dpeg_arrival_morbid_curiosity, layout_loops_ring

Action                     || total
---------------------------++-------
  Melee: Unarmed           ||    17
         Bite              ||     1
 Armour: Skin              ||     4
  Dodge: Dodged            ||    10

Table legend: (Time is in decaauts)
 A = Elapsed time spent in this place.
 B = Non-inter-level travel time spent in this place.
 C = Inter-level travel time spent in this place.
 D = Time resting spent in this place.
 E = Time spent auto-exploring this place.
 F = Levels seen in this place.
 G = Mean time per level.
                   A        B        C        D        E       F      G
               +--------+--------+--------+--------+--------+-----+--------+
         Total |    144 |    144 |      0 |      0 |     12 |   1 |  144.0 |
       Dungeon |    144 |    144 |      0 |      0 |     12 |   1 |  144.0 |
               +--------+--------+--------+--------+--------+-----+--------+

Top non-repeatable levels by time:
     D:1: 144 daAuts
